[ AOE2 MATCH · #484449244 ]
UnrankedMongols vs Aztecs
[ REPLAY ANALYSIS · EXTRACTED FROM THE RECORDED GAME ]
Feudal
—
Castle
—
Imperial
—
| APM avg | 25.3 |
| APM peak | 94 |
| eAPM avg | 14.9 |
| Villagers / military | 97 / 455 |
Focus
⚔️ 52.6% · 🌾 47.4%
Mangudai ×445 · Trebuchet (Packed) ×9 · Fishing Ship ×7 · Trade Cart ×6 · Demolition Raft ×1
Feudal
—
Castle
—
Imperial
—
| APM avg | 55.3 |
| APM peak | 232 |
| eAPM avg | 45.1 |
| Villagers / military | 75 / 270 |
Focus
⚔️ 13.9% · 🌾 86.1%
Knight ×138 · Scout Cavalry ×129 · Trade Cart ×3 · Steppe Lancer ×2 · Monk ×1
Feudal
—
Castle
—
Imperial
—
| APM avg | 11.1 |
| APM peak | 25 |
| eAPM avg | 9.8 |
| Villagers / military | 202 / 127 |
Focus
⚔️ 30.4% · 🌾 69.6%
Jaguar Warrior ×68 · Spearman ×41 · Fishing Ship ×11 · Eagle Scout ×7 · Skirmisher ×6 · Monk ×2
Feudal
—
Castle
—
Imperial
—
| APM avg | 3.7 |
| APM peak | 21 |
| eAPM avg | 3.0 |
| Villagers / military | 47 / 36 |
Focus
⚔️ 27.4% · 🌾 72.6%
Militia ×20 · Scout Cavalry ×16
Feudal
—
Castle
—
Imperial
—
| APM avg | 50.0 |
| APM peak | 238 |
| eAPM avg | 47.4 |
| Villagers / military | 146 / 195 |
Focus
⚔️ 11.2% · 🌾 88.8%
Skirmisher ×89 · Archer ×57 · Mangonel ×37 · Fishing Ship ×19 · Spearman ×12
Feudal
—
Castle
—
Imperial
—
| APM avg | 18.5 |
| APM peak | 68 |
| eAPM avg | 11.0 |
| Villagers / military | 110 / 157 |
Focus
⚔️ 29.9% · 🌾 70.1%
Archer ×136 · Trade Cart ×31 · Longbowman ×11 · Fishing Ship ×5 · Trebuchet (Packed) ×5 · Militia ×4
Feudal
—
Castle
—
Imperial
—
| APM avg | 16.4 |
| APM peak | 45 |
| eAPM avg | 11.9 |
| Villagers / military | 148 / 707 |
Focus
⚔️ 52.6% · 🌾 47.4%
Skirmisher ×460 · Spearman ×164 · Steppe Lancer ×52 · Unknown (1260) ×29 · Knight ×12 · Kipchak ×11
Feudal
—
Castle
—
Imperial
—
| APM avg | 13.6 |
| APM peak | 48 |
| eAPM avg | 11.5 |
| Villagers / military | 170 / 137 |
Focus
⚔️ 31.0% · 🌾 69.0%
Scorpion ×39 · Skirmisher ×28 · Scout Cavalry ×23 · Obuch ×22 · Fishing Ship ×22 · Knight ×12
Match map
Initial resources + every placement click. Lines = walls · curves = elevation contours. ◆ gold · ⬟ stone · ● berries · ✦ relic · ◌ wall gap
Your base· Open — unwalled flank
ESTIN B 187's base· Open — unwalled flank
Juggsgotcha2711's base· Open — unwalled flank
Carpeado BR's base· Open — unwalled flank
Darebear266178's base· Open — unwalled flank
Maxi Greco32's base· Open — 4t gap
SodiPrime's base· Open — unwalled flank
Walkdog38's base· Open — 6t gap
Smoothed initial terrain · ◌ = detected wall gap · hover for details
Inputs per minute
— GRECOCHI32 - - ESTIN B 187
Build order — GRECOCHI32
First 150 of 685 actions detected
| 0:02 | Create | Villager (Male) |
| 0:03 | Create | Villager (Male) |
| 0:03 | Create | Villager (Male) |
| 0:03 | Create | Villager (Male) |
| 0:03 | Create | Villager (Male) |
| 0:09 | Research | Loom |
| 0:30 | Build | House |
| 0:31 | Build | House |
| 0:34 | Build | House |
| 0:38 | Build | House |
| 0:39 | Build | House |
| 0:39 | Build | House |
| 1:28 | Create | Villager (Male) |
| 2:04 | Create | Villager (Male) |
| 2:07 | Create | Villager (Male) |
| 2:38 | Create | Villager (Male) |
| 2:48 | Create | Villager (Male) |
| 3:26 | Create | Villager (Male) |
| 3:32 | Create | Villager (Male) |
| 3:49 | Create | Villager (Male) |
| 4:28 | Create | Villager (Male) |
| 4:33 | Create | Villager (Male) |
| 4:46 | Build | Lumber Camp |
| 4:52 | Create | Villager (Male) |
| 5:02 | Create | Villager (Male) |
| 5:37 | Create | Villager (Male) |
| 5:41 | Create | Villager (Male) |
| 6:06 | Create | Villager (Male) |
| 6:32 | Create | Villager (Male) |
| 6:57 | Create | Villager (Male) |
| 7:00 | Create | Villager (Male) |
| 7:31 | Create | Villager (Male) |
| 7:56 | Create | Villager (Male) |
| 8:04 | Create | Villager (Male) |
| 8:21 | Build | Mill |
| 8:24 | Create | Villager (Male) |
| 8:27 | Build | Mining Camp |
| 8:52 | Build | Mill |
| 9:16 | Build | Dock |
| 9:23 | Research | Feudal Age |
| 9:27 | Create | Villager (Male) |
| 9:27 | Create | Villager (Male) |
| 10:04 | Build | Mining Camp |
| 10:07 | Create | Villager (Male) |
| 10:24 | Create | Fishing Ship |
| 10:25 | Create | Fishing Ship |
| 10:25 | Create | Fishing Ship |
| 10:25 | Create | Fishing Ship |
| 10:26 | Create | Fishing Ship |
| 10:26 | Create | Fishing Ship |
| 10:26 | Create | Fishing Ship |
| 10:36 | Build | House |
| 10:46 | Build | House |
| 10:47 | Build | House |
| 10:48 | Build | House |
| 10:59 | Create | Villager (Male) |
| 11:01 | Create | Villager (Male) |
| 11:35 | Research | Wheelbarrow |
| 11:39 | Create | Villager (Male) |
| 11:41 | Create | Villager (Male) |
| 11:47 | Research | Tech 906 |
| 11:55 | Create | Villager (Male) |
| 11:57 | Create | Villager (Male) |
| 11:57 | Create | Villager (Male) |
| 12:03 | Create | Villager (Male) |
| 12:04 | Create | Villager (Male) |
| 12:04 | Create | Villager (Male) |
| 12:05 | Research | Town Watch |
| 12:36 | Build | Market |
| 13:26 | Build | Lumber Camp |
| 13:28 | Research | Double-Bit Axe |
| 13:32 | Research | Gold Mining |
| 13:34 | Create | Villager (Male) |
| 13:45 | Build | House |
| 13:46 | Build | House |
| 13:47 | Build | House |
| 13:47 | Build | House |
| 14:05 | Create | Villager (Male) |
| 14:40 | Create | Villager (Male) |
| 14:46 | Create | Villager (Male) |
| 14:49 | Create | Villager (Male) |
| 14:57 | Build | Mining Camp |
| 15:00 | Create | Villager (Male) |
| 15:23 | Build | Farm |
| 15:24 | Build | Farm |
| 15:26 | Build | Farm |
| 15:27 | Build | Farm |
| 15:30 | Build | Farm |
| 15:40 | Build | Blacksmith |
| 15:43 | Create | Villager (Male) |
| 15:43 | Create | Villager (Male) |
| 15:45 | Create | Villager (Male) |
| 15:57 | Build | Farm |
| 16:01 | Build | Farm |
| 16:07 | Build | Farm |
| 16:09 | Build | Farm |
| 16:12 | Build | Farm |
| 16:21 | Build | Farm |
| 16:30 | Create | Villager (Male) |
| 16:32 | Create | Villager (Male) |
| 16:32 | Create | Villager (Male) |
| 16:35 | Build | Farm |
| 16:43 | Research | Stone Mining |
| 16:44 | Create | Villager (Male) |
| 16:44 | Create | Villager (Male) |
| 16:47 | Research | Castle Age |
| 17:00 | Research | Horse Collar |
| 17:45 | Create | Villager (Male) |
| 17:45 | Create | Villager (Male) |
| 17:49 | Build | Mining Camp |
| 17:54 | Research | Fletching |
| 17:54 | Research | Padded Archer Armor |
| 17:55 | Research | Scale Barding Armor |
| 18:06 | Build | Barracks |
| 18:21 | Build | Lumber Camp |
| 18:24 | Build | House |
| 18:25 | Build | House |
| 18:25 | Build | House |
| 18:25 | Build | House |
| 18:26 | Build | House |
| 18:26 | Build | House |
| 18:27 | Build | House |
| 18:28 | Build | House |
| 18:28 | Build | House |
| 18:28 | Build | House |
| 18:28 | Build | House |
| 18:29 | Build | House |
| 18:29 | Build | House |
| 18:30 | Build | House |
| 18:30 | Build | House |
| 18:30 | Build | House |
| 18:31 | Build | House |
| 18:31 | Build | House |
| 18:33 | Build | House |
| 18:33 | Build | House |
| 19:24 | Build | Lumber Camp |
| 19:31 | Build | Castle |
| 19:35 | Create | Villager (Male) |
| 19:35 | Research | Hand Cart |
| 19:40 | Research | Bodkin Arrow |
| 19:40 | Research | Leather Archer Armor |
| 19:42 | Create | Villager (Male) |
| 19:42 | Create | Villager (Male) |
| 19:48 | Build | University |
| 20:10 | Research | Heavy Plow |
| 20:14 | Build | Farm |
| 20:18 | Build | Farm |
| 20:21 | Create | Villager (Male) |
| 20:24 | Research | Chain Barding Armor |
| 20:35 | Create | Villager (Male) |
Build order — ESTIN B 187
First 150 of 933 actions detected
| 0:05 | Create | Villager (Male) |
| 0:05 | Create | Villager (Male) |
| 0:05 | Create | Villager (Male) |
| 0:06 | Create | Villager (Male) |
| 0:06 | Create | Villager (Male) |
| 0:16 | Build | House |
| 0:19 | Build | House |
| 0:24 | Build | House |
| 0:26 | Build | House |
| 1:23 | Build | Mill |
| 4:15 | Build | Mill |
| 4:32 | Create | Villager (Male) |
| 4:33 | Create | Villager (Male) |
| 4:33 | Create | Villager (Male) |
| 4:33 | Create | Villager (Male) |
| 4:33 | Create | Villager (Male) |
| 4:34 | Create | Villager (Male) |
| 4:34 | Create | Villager (Male) |
| 5:34 | Create | Villager (Male) |
| 5:34 | Create | Villager (Male) |
| 5:34 | Create | Villager (Male) |
| 6:48 | Build | Lumber Camp |
| 8:11 | Research | Feudal Age |
| 8:23 | Create | Villager (Male) |
| 8:23 | Create | Villager (Male) |
| 8:24 | Create | Villager (Male) |
| 8:39 | Build | House |
| 8:41 | Build | House |
| 8:45 | Build | House |
| 8:47 | Build | House |
| 9:32 | Create | Villager (Male) |
| 9:32 | Create | Villager (Male) |
| 9:33 | Create | Villager (Male) |
| 9:33 | Create | Villager (Male) |
| 9:34 | Create | Villager (Male) |
| 9:57 | Build | House |
| 9:58 | Build | House |
| 10:18 | Create | Villager (Male) |
| 10:27 | Research | Horse Collar |
| 11:22 | Research | Double-Bit Axe |
| 11:53 | Research | Wheelbarrow |
| 13:14 | Build | Barracks |
| 13:37 | Build | Mining Camp |
| 13:59 | Create | Villager (Male) |
| 13:59 | Create | Villager (Male) |
| 13:59 | Create | Villager (Male) |
| 14:00 | Create | Villager (Male) |
| 14:00 | Create | Villager (Male) |
| 14:01 | Create | Villager (Male) |
| 14:06 | Create | Villager (Male) |
| 14:07 | Create | Villager (Male) |
| 14:07 | Create | Villager (Male) |
| 14:07 | Create | Villager (Male) |
| 14:07 | Create | Villager (Male) |
| 14:40 | Build | Stable |
| 14:50 | Build | Stable |
| 14:50 | Build | Stable |
| 14:50 | Build | Stable |
| 14:51 | Build | Stable |
| 14:51 | Build | Stable |
| 14:51 | Build | Stable |
| 14:52 | Build | Stable |
| 14:52 | Build | Stable |
| 14:52 | Build | Stable |
| 14:53 | Build | Stable |
| 14:53 | Build | Stable |
| 14:53 | Build | Stable |
| 14:53 | Build | Stable |
| 14:54 | Build | Stable |
| 14:54 | Build | Stable |
| 14:54 | Build | Stable |
| 14:54 | Build | Stable |
| 14:55 | Build | Stable |
| 14:55 | Build | Stable |
| 14:55 | Build | Stable |
| 14:56 | Build | Stable |
| 14:56 | Build | Stable |
| 14:56 | Build | Stable |
| 14:56 | Build | Stable |
| 14:57 | Build | Stable |
| 14:57 | Build | Stable |
| 14:57 | Build | Stable |
| 14:58 | Build | Stable |
| 14:58 | Build | Stable |
| 14:58 | Build | Stable |
| 14:59 | Build | Stable |
| 14:59 | Build | Stable |
| 14:59 | Build | Stable |
| 14:59 | Build | Stable |
| 15:00 | Build | Stable |
| 15:00 | Build | Stable |
| 15:00 | Build | Stable |
| 15:01 | Build | Stable |
| 15:01 | Build | Stable |
| 15:01 | Build | Stable |
| 15:01 | Build | Stable |
| 15:02 | Build | Stable |
| 15:02 | Build | Stable |
| 15:02 | Build | Stable |
| 15:03 | Build | Stable |
| 15:03 | Build | Stable |
| 15:03 | Build | Stable |
| 15:03 | Build | Stable |
| 15:04 | Build | Stable |
| 15:04 | Build | Stable |
| 15:04 | Build | Stable |
| 15:40 | Research | Gold Mining |
| 16:41 | Create | Scout Cavalry |
| 16:41 | Create | Scout Cavalry |
| 16:43 | Research | Bloodlines |
| 16:44 | Create | Scout Cavalry |
| 16:44 | Create | Scout Cavalry |
| 16:45 | Create | Scout Cavalry |
| 16:45 | Create | Scout Cavalry |
| 17:05 | Build | Market |
| 17:41 | Build | Blacksmith |
| 19:18 | Research | Castle Age |
| 19:37 | Build | Mill |
| 19:56 | Research | Scale Barding Armor |
| 20:09 | Create | Scout Cavalry |
| 20:09 | Create | Scout Cavalry |
| 20:09 | Create | Scout Cavalry |
| 20:25 | Build | Farm |
| 20:25 | Build | Farm |
| 20:25 | Create | Scout Cavalry |
| 20:25 | Build | Farm |
| 20:25 | Build | Farm |
| 20:25 | Build | Farm |
| 20:25 | Build | Farm |
| 20:25 | Build | Farm |
| 20:25 | Build | Farm |
| 20:25 | Build | Farm |
| 20:25 | Build | Farm |
| 20:25 | Build | Farm |
| 20:25 | Build | Farm |
| 20:25 | Build | Farm |
| 20:25 | Build | Farm |
| 20:37 | Build | Farm |
| 20:37 | Build | Farm |
| 20:37 | Build | Farm |
| 20:37 | Build | Farm |
| 20:37 | Build | Farm |
| 20:37 | Build | Farm |
| 20:37 | Build | Farm |
| 20:37 | Build | Farm |
| 20:37 | Build | Farm |
| 20:37 | Build | Farm |
| 20:37 | Build | Farm |
| 20:37 | Build | Farm |
| 20:37 | Build | Farm |
Build order — Juggsgotcha2711
First 150 of 358 actions detected
| 0:05 | Build | House |
| 0:08 | Research | Loom |
| 0:10 | Create | Villager (Male) |
| 0:10 | Create | Villager (Male) ×3 |
| 0:38 | Build | House |
| 0:39 | Build | House |
| 1:05 | Create | Villager (Male) |
| 1:41 | Create | Villager (Male) |
| 1:58 | Build | Mill |
| 2:26 | Create | Villager (Male) |
| 2:29 | Create | Villager (Male) |
| 3:08 | Create | Villager (Male) |
| 3:10 | Create | Villager (Male) |
| 3:25 | Build | Mining Camp |
| 3:32 | Create | Villager (Male) |
| 3:52 | Create | Villager (Male) |
| 4:02 | Build | House |
| 4:04 | Build | House |
| 4:05 | Build | House |
| 4:33 | Create | Villager (Male) |
| 4:52 | Create | Villager (Male) |
| 4:54 | Create | Villager (Male) |
| 4:54 | Create | Villager (Male) |
| 5:08 | Build | Lumber Camp |
| 5:32 | Create | Villager (Male) |
| 5:50 | Create | Villager (Male) |
| 6:06 | Create | Villager (Male) |
| 6:23 | Create | Villager (Male) |
| 6:39 | Create | Villager (Male) |
| 6:49 | Create | Villager (Male) |
| 7:08 | Create | Villager (Male) |
| 7:10 | Create | Villager (Male) |
| 7:39 | Build | Barracks |
| 7:45 | Create | Villager (Male) |
| 7:57 | Create | Villager (Male) |
| 8:53 | Create | Villager (Male) |
| 8:56 | Create | Villager (Male) |
| 9:04 | Build | House |
| 9:05 | Build | House |
| 9:06 | Build | House |
| 9:07 | Build | House |
| 9:09 | Build | House |
| 9:16 | Create | Villager (Male) |
| 9:35 | Build | Mill |
| 9:43 | Research | Feudal Age |
| 11:57 | Research | Wheelbarrow |
| 12:01 | Research | Town Watch |
| 12:17 | Create | Eagle Scout ×4 |
| 12:28 | Create | Villager (Male) |
| 12:47 | Build | Blacksmith |
| 12:56 | Create | Villager (Male) |
| 12:57 | Create | Villager (Male) |
| 13:16 | Create | Eagle Scout |
| 13:26 | Build | Archery Range |
| 13:31 | Create | Villager (Male) |
| 13:31 | Create | Villager (Male) |
| 13:32 | Create | Villager (Male) |
| 13:33 | Create | Villager (Male) |
| 13:45 | Build | Market |
| 13:50 | Create | Villager (Male) |
| 13:50 | Create | Villager (Male) |
| 14:14 | Create | Villager (Male) |
| 14:39 | Create | Skirmisher |
| 14:39 | Create | Skirmisher |
| 14:39 | Create | Skirmisher |
| 14:39 | Create | Skirmisher |
| 14:40 | Create | Skirmisher |
| 14:41 | Create | Skirmisher |
| 14:52 | Research | Forging |
| 14:55 | Research | Scale Mail Armor |
| 15:18 | Create | Eagle Scout |
| 15:18 | Create | Eagle Scout |
| 15:41 | Research | Double-Bit Axe |
| 16:10 | Research | Castle Age |
| 16:33 | Build | Mining Camp |
| 17:22 | Build | Watch Tower |
| 17:38 | Create | Villager (Male) |
| 17:38 | Create | Villager (Male) |
| 18:45 | Research | Stone Mining |
| 19:42 | Build | Castle |
| 20:25 | Create | Villager (Male) |
| 23:15 | Create | Villager (Male) |
| 23:15 | Create | Villager (Male) |
| 23:15 | Create | Villager (Male) |
| 23:51 | Create | Villager (Male) |
| 24:35 | Create | Villager (Male) |
| 24:45 | Create | Villager (Male) |
| 24:45 | Create | Villager (Male) |
| 25:27 | Create | Jaguar Warrior ×2 |
| 25:37 | Build | Farm |
| 25:39 | Build | Farm |
| 25:47 | Build | Farm |
| 25:51 | Build | Farm |
| 26:03 | Build | Farm |
| 26:06 | Build | Farm |
| 26:10 | Build | Farm |
| 26:14 | Build | Farm |
| 26:22 | Build | Farm |
| 26:26 | Build | Farm |
| 26:31 | Build | Farm |
| 26:47 | Create | Villager (Male) |
| 27:20 | Build | University |
| 27:24 | Create | Villager (Male) |
| 27:24 | Create | Villager (Male) |
| 27:43 | Create | Jaguar Warrior |
| 28:03 | Create | Villager (Male) |
| 28:04 | Create | Villager (Male) |
| 28:15 | Build | Monastery |
| 28:19 | Create | Villager (Male) |
| 28:19 | Create | Villager (Male) |
| 28:36 | Create | Villager (Male) |
| 28:46 | Create | Villager (Male) |
| 29:09 | Build | Farm |
| 29:26 | Create | Villager (Male) |
| 29:26 | Create | Villager (Male) |
| 29:27 | Create | Villager (Male) |
| 29:42 | Create | Monk |
| 29:44 | Research | Fervor |
| 29:45 | Create | Monk |
| 29:51 | Create | Villager (Male) |
| 29:52 | Create | Villager (Male) |
| 29:52 | Create | Villager (Male) |
| 30:19 | Create | Villager (Male) |
| 30:30 | Create | Villager (Male) |
| 30:46 | Create | Villager (Male) |
| 31:04 | Create | Villager (Male) |
| 31:04 | Create | Villager (Male) |
| 31:15 | Create | Villager (Male) |
| 31:36 | Create | Villager (Male) |
| 31:37 | Create | Villager (Male) |
| 31:43 | Research | Horse Collar |
| 31:56 | Create | Villager (Male) |
| 32:03 | Create | Villager (Male) |
| 32:14 | Research | Heavy Plow |
| 32:44 | Build | Dock |
| 32:49 | Create | Villager (Male) |
| 33:13 | Research | Bow Saw |
| 33:19 | Create | Villager (Male) |
| 33:40 | Create | Villager (Male) |
| 33:42 | Research | Town Patrol |
| 34:19 | Create | Fishing Ship |
| 34:20 | Create | Fishing Ship |
| 34:40 | Build | Farm |
| 34:52 | Build | Farm |
| 35:19 | Research | Imperial Age |
| 35:45 | Build | Siege Workshop |
| 35:51 | Create | Fishing Ship |
| 35:51 | Create | Fishing Ship |
| 36:01 | Create | Villager (Male) |
| 36:02 | Create | Villager (Male) |
Build order — Carpeado BR
103 actions detected in the replay
| 0:05 | Research | Loom |
| 0:06 | Create | Villager (Male) ×5 |
| 1:28 | Build | House |
| 1:30 | Build | House |
| 1:33 | Build | House |
| 1:44 | Create | Villager (Male) |
| 1:44 | Create | Villager (Male) |
| 2:06 | Create | Villager (Male) |
| 2:33 | Create | Villager (Male) |
| 2:59 | Build | Lumber Camp |
| 3:02 | Create | Villager (Male) |
| 3:03 | Create | Villager (Male) |
| 3:11 | Create | Villager (Male) |
| 3:12 | Create | Villager (Male) |
| 3:30 | Create | Villager (Male) |
| 3:48 | Create | Villager (Male) |
| 4:32 | Create | Villager (Male) |
| 4:32 | Create | Villager (Male) |
| 4:45 | Build | House |
| 4:47 | Build | House |
| 5:06 | Build | Mining Camp |
| 5:15 | Create | Villager (Male) |
| 5:16 | Create | Villager (Male) |
| 5:48 | Create | Villager (Male) |
| 5:49 | Create | Villager (Male) |
| 6:01 | Create | Villager (Male) |
| 6:01 | Create | Villager (Male) |
| 6:13 | Build | Mill |
| 6:45 | Create | Villager (Male) |
| 6:45 | Create | Villager (Male) |
| 6:54 | Build | Lumber Camp |
| 7:47 | Create | Villager (Male) |
| 7:52 | Create | Villager (Male) |
| 7:52 | Create | Villager (Male) |
| 8:59 | Create | Villager (Male) |
| 8:59 | Create | Villager (Male) |
| 9:00 | Create | Villager (Male) |
| 9:15 | Create | Villager (Male) ×3 |
| 10:57 | Build | Lumber Camp |
| 11:13 | Build | House |
| 11:13 | Build | House |
| 11:14 | Build | House |
| 11:14 | Build | House |
| 11:15 | Build | House |
| 11:23 | Research | Feudal Age |
| 11:38 | Build | Barracks |
| 11:54 | Build | Mining Camp |
| 12:15 | Create | Villager (Male) |
| 12:15 | Create | Villager (Male) |
| 12:16 | Create | Villager (Male) |
| 12:16 | Create | Villager (Male) |
| 12:49 | Build | House |
| 13:00 | Create | Militia ×4 |
| 13:32 | Build | Watch Tower |
| 13:58 | Research | Man-at-Arms (upgrade) |
| 14:00 | Create | Militia ×5 |
| 14:15 | Create | Militia |
| 14:37 | Build | Watch Tower |
| 15:01 | Create | Villager (Male) |
| 15:10 | Build | Farm |
| 15:10 | Build | Farm |
| 15:10 | Build | Farm |
| 15:10 | Build | Farm |
| 15:11 | Build | Farm |
| 15:11 | Build | Farm |
| 15:11 | Build | Farm |
| 15:12 | Build | Farm |
| 15:12 | Build | Farm |
| 15:12 | Build | Farm |
| 15:29 | Research | Horse Collar |
| 15:39 | Build | Mining Camp |
| 15:59 | Build | Stable |
| 16:24 | Create | Villager (Male) ×2 |
| 17:14 | Create | Scout Cavalry ×2 |
| 17:50 | Research | Bloodlines |
| 17:52 | Create | Scout Cavalry |
| 18:28 | Build | Blacksmith |
| 18:35 | Build | Farm |
| 18:36 | Build | Farm |
| 18:36 | Build | Farm |
| 18:36 | Build | Farm |
| 18:37 | Build | Farm |
| 18:37 | Build | Farm |
| 18:37 | Build | Farm |
| 18:44 | Create | Villager (Male) ×3 |
| 19:45 | Create | Scout Cavalry ×3 |
| 20:05 | Research | Fletching |
| 20:19 | Build | Market |
| 20:55 | Create | Militia ×5 |
| 21:30 | Build | Farm |
| 21:30 | Build | Farm |
| 21:30 | Build | Farm |
| 21:31 | Build | Farm |
| 21:31 | Build | Farm |
| 21:35 | Create | Villager (Male) ×2 |
| 21:56 | Research | Forging |
| 21:57 | Research | Scale Mail Armor |
| 23:19 | Create | Militia ×5 |
| 23:39 | Create | Scout Cavalry ×5 |
| 24:53 | Create | Scout Cavalry ×5 |
| 25:49 | Research | Castle Age |
| 25:51 | Research | Town Watch |
| 25:57 | Create | Villager (Male) |
Build order — Darebear266178
First 150 of 526 actions detected
| 0:09 | Create | Villager (Male) |
| 0:09 | Create | Villager (Male) |
| 0:10 | Create | Villager (Male) |
| 0:41 | Build | House |
| 1:11 | Build | House |
| 1:58 | Create | Villager (Male) |
| 1:59 | Create | Villager (Male) |
| 2:16 | Build | House |
| 2:26 | Build | Lumber Camp |
| 2:58 | Create | Villager (Male) |
| 2:58 | Create | Villager (Male) |
| 3:49 | Create | Villager (Male) |
| 3:50 | Create | Villager (Male) |
| 3:50 | Create | Villager (Male) |
| 4:39 | Create | Villager (Male) |
| 4:56 | Build | Dock |
| 5:46 | Create | Villager (Male) |
| 5:46 | Create | Villager (Male) |
| 5:46 | Create | Villager (Male) |
| 5:47 | Create | Villager (Male) |
| 5:55 | Build | Dock |
| 6:11 | Create | Fishing Ship |
| 6:23 | Create | Villager (Male) |
| 6:24 | Create | Villager (Male) |
| 6:24 | Create | Villager (Male) |
| 6:30 | Create | Fishing Ship |
| 6:30 | Create | Fishing Ship |
| 6:41 | Build | House |
| 7:33 | Create | Fishing Ship |
| 7:33 | Create | Fishing Ship |
| 7:49 | Create | Villager (Male) |
| 8:01 | Create | Villager (Male) |
| 8:02 | Create | Villager (Male) |
| 8:09 | Create | Fishing Ship |
| 8:09 | Create | Fishing Ship |
| 8:34 | Build | House |
| 8:44 | Build | Mining Camp |
| 8:52 | Create | Villager (Male) |
| 8:53 | Create | Villager (Male) |
| 9:11 | Create | Fishing Ship |
| 9:12 | Create | Fishing Ship |
| 9:47 | Build | House |
| 10:00 | Create | Fishing Ship |
| 10:00 | Create | Fishing Ship |
| 10:56 | Research | Feudal Age |
| 12:09 | Build | Barracks |
| 13:24 | Build | Blacksmith |
| 13:42 | Research | Double-Bit Axe |
| 14:09 | Build | Mill |
| 14:22 | Research | Gold Mining |
| 14:50 | Build | Market |
| 15:24 | Build | Archery Range |
| 15:24 | Build | Archery Range |
| 15:26 | Build | Archery Range |
| 15:32 | Research | Castle Age |
| 15:38 | Research | Fletching |
| 15:39 | Research | Padded Archer Armor |
| 15:50 | Create | Villager (Male) |
| 15:52 | Create | Villager (Male) |
| 16:12 | Create | Archer |
| 16:22 | Build | House |
| 16:23 | Build | House |
| 16:51 | Create | Archer |
| 16:52 | Create | Archer |
| 16:59 | Create | Archer |
| 16:59 | Create | Archer |
| 17:00 | Create | Archer |
| 17:15 | Create | Villager (Male) |
| 17:16 | Create | Villager (Male) |
| 17:31 | Create | Archer |
| 17:31 | Create | Archer |
| 17:31 | Create | Archer |
| 17:32 | Create | Archer |
| 17:40 | Build | Archery Range |
| 18:14 | Build | House |
| 18:20 | Build | House |
| 18:27 | Create | Archer |
| 18:27 | Create | Archer |
| 18:28 | Create | Archer |
| 18:28 | Create | Archer |
| 18:28 | Create | Archer |
| 18:46 | Research | Thumb Ring |
| 19:10 | Research | Crossbowman (upgrade) |
| 19:43 | Create | Villager (Male) |
| 19:44 | Create | Villager (Male) |
| 19:47 | Research | Tech 906 |
| 20:45 | Research | Bodkin Arrow |
| 21:02 | Create | Villager (Male) |
| 23:45 | Create | Villager (Male) |
| 23:45 | Create | Villager (Male) |
| 23:45 | Create | Villager (Male) |
| 23:45 | Create | Villager (Male) |
| 23:46 | Create | Villager (Male) |
| 23:46 | Create | Villager (Male) |
| 24:07 | Build | Farm |
| 24:07 | Build | Farm |
| 24:07 | Build | Farm |
| 24:08 | Build | Farm |
| 24:08 | Build | Farm |
| 24:08 | Build | Farm |
| 24:08 | Build | Farm |
| 24:10 | Build | Farm |
| 24:10 | Build | Farm |
| 24:10 | Build | Farm |
| 24:11 | Build | Farm |
| 24:11 | Build | Farm |
| 24:11 | Build | Farm |
| 24:12 | Build | Farm |
| 24:31 | Create | Archer |
| 24:32 | Create | Archer |
| 24:32 | Create | Archer |
| 24:32 | Create | Archer |
| 24:33 | Create | Archer |
| 24:33 | Create | Archer |
| 24:33 | Create | Archer |
| 24:33 | Create | Archer |
| 24:39 | Build | Lumber Camp |
| 24:45 | Build | House |
| 24:49 | Build | Mining Camp |
| 24:53 | Build | House |
| 24:53 | Build | House |
| 24:53 | Build | House |
| 24:53 | Build | House |
| 24:54 | Build | House |
| 24:54 | Build | House |
| 25:22 | Create | Villager (Male) |
| 25:22 | Create | Villager (Male) |
| 25:23 | Create | Villager (Male) |
| 25:23 | Create | Villager (Male) |
| 25:23 | Create | Villager (Male) |
| 25:31 | Build | House |
| 25:32 | Build | House |
| 25:33 | Build | House |
| 25:33 | Build | House |
| 25:33 | Build | House |
| 25:34 | Build | House |
| 25:34 | Build | House |
| 25:34 | Build | House |
| 25:51 | Create | Archer |
| 25:52 | Create | Archer |
| 25:52 | Create | Archer |
| 25:52 | Create | Archer |
| 25:52 | Create | Archer |
| 27:11 | Create | Villager (Male) |
| 27:11 | Create | Villager (Male) |
| 27:11 | Create | Villager (Male) |
| 27:44 | Build | Fish Trap |
| 27:44 | Build | Fish Trap |
| 27:44 | Build | Fish Trap |
| 27:45 | Build | Fish Trap |
Build order — Maxi Greco32
First 150 of 438 actions detected
| 0:08 | Create | Villager (Male) |
| 0:08 | Create | Villager (Male) |
| 0:09 | Create | Villager (Male) |
| 0:18 | Build | House |
| 0:30 | Create | Villager (Male) |
| 0:30 | Create | Villager (Male) |
| 0:30 | Create | Villager (Male) |
| 1:30 | Create | Villager (Male) |
| 1:30 | Create | Villager (Male) |
| 1:31 | Create | Villager (Male) |
| 1:31 | Create | Villager (Male) |
| 1:59 | Create | Villager (Male) |
| 2:00 | Create | Villager (Male) |
| 2:00 | Create | Villager (Male) |
| 2:10 | Research | Loom |
| 2:23 | Create | Villager (Male) |
| 2:30 | Create | Villager (Male) |
| 2:41 | Build | House |
| 2:47 | Build | House |
| 2:58 | Create | Villager (Male) |
| 2:58 | Create | Villager (Male) |
| 2:59 | Create | Villager (Male) |
| 3:15 | Create | Villager (Male) |
| 3:23 | Create | Villager (Male) |
| 3:23 | Create | Villager (Male) |
| 3:44 | Build | Lumber Camp |
| 4:23 | Create | Villager (Male) |
| 4:24 | Create | Villager (Male) |
| 4:24 | Create | Villager (Male) |
| 4:31 | Create | Villager (Male) |
| 4:31 | Create | Villager (Male) |
| 4:46 | Create | Villager (Male) |
| 4:55 | Create | Villager (Male) |
| 5:06 | Create | Villager (Male) |
| 5:07 | Create | Villager (Male) |
| 5:23 | Build | House |
| 7:06 | Build | Mill |
| 7:59 | Research | Feudal Age |
| 8:43 | Build | Mill |
| 10:25 | Build | Dock |
| 10:31 | Research | Double-Bit Axe |
| 10:43 | Research | Wheelbarrow |
| 10:47 | Create | Villager (Male) |
| 10:48 | Create | Villager (Male) |
| 10:48 | Create | Villager (Male) |
| 10:48 | Create | Villager (Male) |
| 10:49 | Create | Villager (Male) |
| 10:49 | Create | Villager (Male) |
| 10:49 | Create | Villager (Male) |
| 10:55 | Build | House |
| 10:58 | Build | House |
| 11:05 | Research | Town Watch |
| 11:30 | Create | Fishing Ship |
| 11:30 | Create | Fishing Ship |
| 11:40 | Build | House |
| 11:41 | Build | House |
| 11:41 | Build | House |
| 11:41 | Build | House |
| 11:41 | Build | House |
| 11:41 | Build | House |
| 11:42 | Build | House |
| 12:09 | Create | Villager (Male) |
| 12:09 | Create | Villager (Male) |
| 12:09 | Create | Villager (Male) |
| 12:10 | Create | Villager (Male) |
| 12:11 | Create | Villager (Male) |
| 12:11 | Create | Villager (Male) |
| 12:23 | Build | Mining Camp |
| 12:29 | Create | Villager (Male) |
| 12:29 | Create | Villager (Male) |
| 12:38 | Create | Fishing Ship |
| 13:00 | Build | House |
| 13:05 | Build | House |
| 13:18 | Build | House |
| 14:03 | Research | Gold Mining |
| 14:12 | Create | Villager (Male) |
| 14:13 | Create | Villager (Male) |
| 14:13 | Create | Villager (Male) |
| 14:13 | Create | Villager (Male) |
| 14:13 | Create | Villager (Male) |
| 14:14 | Create | Villager (Male) |
| 14:26 | Build | Mining Camp |
| 14:33 | Create | Fishing Ship |
| 14:33 | Create | Fishing Ship |
| 14:49 | Build | Mining Camp |
| 15:32 | Build | House |
| 15:37 | Build | House |
| 16:00 | Create | Fire Galley |
| 16:41 | Create | Unit 2626 |
| 16:42 | Create | Unit 2626 |
| 16:56 | Build | Barracks |
| 17:04 | Create | Villager (Male) |
| 17:04 | Create | Villager (Male) |
| 17:48 | Create | Villager (Male) |
| 17:48 | Create | Villager (Male) |
| 17:59 | Build | Market |
| 18:07 | Build | Blacksmith |
| 18:24 | Research | Man-at-Arms (upgrade) |
| 18:32 | Build | Stone Wall |
| 18:54 | Build | Gate |
| 19:07 | Create | Villager (Male) |
| 19:17 | Build | Archery Range |
| 19:57 | Build | Archery Range |
| 20:18 | Build | Stone Wall |
| 20:41 | Build | Archery Range |
| 20:43 | Build | Archery Range |
| 20:46 | Research | Castle Age |
| 20:59 | Create | Archer |
| 20:59 | Create | Archer |
| 21:00 | Create | Archer |
| 21:00 | Create | Archer |
| 21:01 | Create | Archer |
| 21:02 | Create | Archer |
| 21:17 | Build | Mining Camp |
| 21:28 | Build | Lumber Camp |
| 21:41 | Create | Archer |
| 21:41 | Create | Archer |
| 21:42 | Create | Archer |
| 21:42 | Create | Archer |
| 21:52 | Create | Archer |
| 21:52 | Create | Archer |
| 21:53 | Create | Archer |
| 21:53 | Create | Archer |
| 22:12 | Create | Militia |
| 22:12 | Create | Militia |
| 22:12 | Create | Militia |
| 22:12 | Create | Militia |
| 23:20 | Create | Archer |
| 23:43 | Research | Crossbowman (upgrade) |
| 23:47 | Create | Archer |
| 23:48 | Create | Archer |
| 23:51 | Create | Archer |
| 23:52 | Create | Archer |
| 23:56 | Create | Archer |
| 23:57 | Create | Archer |
| 23:57 | Create | Archer |
| 25:16 | Build | Archery Range |
| 25:19 | Build | Archery Range |
| 25:20 | Build | Archery Range |
| 25:40 | Create | Archer |
| 25:41 | Create | Archer |
| 25:42 | Create | Archer |
| 25:42 | Create | Archer |
| 26:32 | Create | Archer |
| 26:32 | Create | Archer |
| 26:32 | Create | Archer |
| 26:32 | Create | Archer |
| 26:33 | Create | Archer |
| 26:33 | Create | Archer |
| 26:37 | Create | Archer |
Build order — SodiPrime
First 150 of 379 actions detected
| 0:04 | Create | Villager (Male) ×4 |
| 0:05 | Create | Villager (Male) |
| 0:07 | Research | Loom |
| 0:10 | Build | House |
| 0:15 | Build | House |
| 1:25 | Build | House |
| 2:15 | Create | Villager (Male) |
| 2:29 | Create | Villager (Male) ×4 |
| 2:29 | Create | Villager (Male) |
| 2:52 | Create | Villager (Male) |
| 3:25 | Create | Villager (Male) ×3 |
| 3:25 | Create | Villager (Male) |
| 3:54 | Build | Lumber Camp |
| 3:59 | Create | Villager (Male) |
| 5:55 | Build | Mill |
| 6:17 | Research | Feudal Age |
| 6:33 | Create | Villager (Male) |
| 7:16 | Create | Villager (Male) ×3 |
| 7:24 | Build | Farm |
| 7:33 | Build | Barracks |
| 7:52 | Create | Villager (Male) |
| 8:16 | Build | House |
| 8:27 | Build | House |
| 8:29 | Build | House |
| 8:30 | Build | House |
| 8:35 | Build | House |
| 8:38 | Create | Villager (Male) ×6 |
| 8:53 | Research | Double-Bit Axe |
| 9:40 | Research | Wheelbarrow |
| 9:40 | Research | Town Watch |
| 9:40 | Create | Villager (Male) ×5 |
| 9:40 | Create | Villager (Male) |
| 9:57 | Research | Horse Collar |
| 9:57 | Research | Horse Collar |
| 10:03 | Build | Farm |
| 10:06 | Create | Villager (Male) |
| 10:23 | Build | Farm |
| 10:27 | Create | Villager (Male) |
| 10:46 | Create | Villager (Male) ×3 |
| 10:53 | Build | Farm |
| 11:19 | Build | House |
| 11:25 | Build | House |
| 11:29 | Create | Villager (Male) ×7 |
| 11:45 | Build | Farm |
| 11:46 | Build | Farm |
| 11:46 | Build | Farm |
| 12:02 | Build | Farm |
| 12:10 | Create | Spearman |
| 12:10 | Create | Spearman |
| 12:38 | Create | Villager (Male) ×7 |
| 12:48 | Build | House |
| 13:07 | Build | Stable |
| 13:12 | Build | Stable |
| 13:31 | Build | Stable |
| 13:33 | Build | Stable |
| 13:47 | Build | Stable |
| 13:49 | Build | Stable |
| 13:59 | Create | Villager (Male) ×8 |
| 14:24 | Build | Farm |
| 14:30 | Build | Farm |
| 14:30 | Build | Farm |
| 14:35 | Build | Farm |
| 14:35 | Build | Farm |
| 14:41 | Build | Farm |
| 14:52 | Build | Farm |
| 14:52 | Build | Farm |
| 14:58 | Build | Farm |
| 14:59 | Build | Farm |
| 15:11 | Build | Farm |
| 15:16 | Build | Farm |
| 15:17 | Build | Farm |
| 15:41 | Create | Villager (Male) |
| 15:47 | Build | Mining Camp |
| 16:11 | Build | Archery Range |
| 16:19 | Build | Farm |
| 16:21 | Research | Gold Mining |
| 16:27 | Research | Bloodlines |
| 16:42 | Create | Villager (Male) |
| 16:42 | Create | Villager (Male) |
| 16:42 | Create | Villager (Male) |
| 16:43 | Create | Villager (Male) |
| 16:43 | Create | Villager (Male) |
| 16:43 | Create | Villager (Male) |
| 16:58 | Build | Blacksmith |
| 17:07 | Create | Villager (Male) |
| 17:07 | Create | Villager (Male) |
| 17:08 | Create | Villager (Male) |
| 17:08 | Create | Villager (Male) |
| 17:28 | Build | Farm |
| 17:41 | Build | House |
| 17:43 | Build | House |
| 17:47 | Build | House |
| 17:49 | Build | House |
| 17:52 | Build | House |
| 17:56 | Build | Mining Camp |
| 18:07 | Build | House |
| 18:08 | Build | House |
| 18:08 | Build | House |
| 18:08 | Build | House |
| 18:14 | Research | Castle Age |
| 18:24 | Create | Villager (Male) |
| 18:24 | Create | Villager (Male) |
| 18:25 | Create | Villager (Male) |
| 18:25 | Create | Villager (Male) |
| 18:27 | Create | Villager (Male) |
| 18:27 | Create | Villager (Male) |
| 18:48 | Build | Lumber Camp |
| 19:00 | Create | Villager (Male) |
| 19:12 | Build | House |
| 19:13 | Build | House |
| 19:13 | Build | House |
| 19:13 | Build | House |
| 19:17 | Build | House |
| 19:17 | Build | House |
| 19:18 | Build | House |
| 19:18 | Build | House |
| 19:18 | Build | House |
| 19:57 | Build | Farm |
| 20:43 | Build | Siege Workshop |
| 21:00 | Build | House |
| 21:00 | Build | House |
| 21:02 | Build | House |
| 21:03 | Build | House |
| 21:04 | Build | House |
| 21:12 | Research | Scale Mail Armor |
| 21:12 | Research | Forging |
| 21:13 | Research | Scale Barding Armor |
| 21:17 | Research | Heavy Plow |
| 21:37 | Research | Bow Saw |
| 21:41 | Create | Steppe Lancer ×15 |
| 21:42 | Create | Steppe Lancer |
| 21:42 | Create | Steppe Lancer |
| 22:11 | Create | Battering Ram |
| 22:40 | Research | Chain Mail Armor |
| 22:43 | Research | Iron Casting |
| 23:11 | Build | Town Center |
| 23:31 | Create | Battering Ram |
| 23:34 | Research | Capped Ram (upgrade) |
| 24:12 | Create | Steppe Lancer ×8 |
| 24:41 | Research | Chain Barding Armor |
| 26:57 | Create | Steppe Lancer ×15 |
| 26:58 | Create | Steppe Lancer |
| 27:21 | Create | Villager (Male) |
| 28:35 | Research | Hand Cart |
| 28:35 | Research | Hand Cart |
| 28:36 | Create | Villager (Male) |
| 28:36 | Create | Villager (Male) |
| 28:36 | Create | Villager (Male) |
| 28:37 | Create | Villager (Male) |
| 28:56 | Build | Town Center |
Build order — Walkdog38
First 150 of 420 actions detected
| 0:13 | Build | House |
| 0:22 | Build | House |
| 0:25 | Research | Loom |
| 0:42 | Build | House |
| 0:52 | Create | Villager (Male) |
| 1:25 | Create | Villager (Male) |
| 1:32 | Create | Villager (Male) |
| 2:03 | Create | Villager (Male) |
| 2:16 | Create | Villager (Male) |
| 2:29 | Build | Lumber Camp |
| 2:47 | Create | Villager (Male) |
| 3:14 | Create | Villager (Male) |
| 4:08 | Create | Villager (Male) |
| 4:13 | Create | Villager (Male) |
| 4:33 | Create | Villager (Male) |
| 4:39 | Create | Villager (Male) |
| 6:10 | Create | Villager (Male) |
| 6:18 | Create | Villager (Male) |
| 6:43 | Create | Villager (Male) |
| 7:04 | Create | Villager (Male) |
| 7:14 | Create | Villager (Male) |
| 7:15 | Create | Villager (Male) |
| 7:19 | Create | Villager (Male) |
| 7:19 | Create | Villager (Male) |
| 7:57 | Build | House |
| 8:39 | Create | Villager (Male) |
| 8:50 | Build | Mill |
| 9:06 | Create | Villager (Male) |
| 9:07 | Create | Villager (Male) |
| 9:15 | Create | Villager (Male) |
| 9:16 | Create | Villager (Male) |
| 9:37 | Build | House |
| 10:10 | Build | Mining Camp |
| 10:14 | Research | Feudal Age |
| 10:18 | Create | Villager (Male) |
| 10:18 | Create | Villager (Male) |
| 10:38 | Build | Barracks |
| 10:45 | Build | Mining Camp |
| 10:53 | Create | Villager (Male) |
| 11:18 | Build | Mining Camp |
| 12:08 | Create | Villager (Male) |
| 12:09 | Create | Villager (Male) |
| 12:32 | Create | Villager (Male) |
| 12:33 | Create | Villager (Male) |
| 12:51 | Research | Horse Collar |
| 12:55 | Create | Villager (Male) |
| 13:11 | Build | Dock |
| 13:19 | Create | Villager (Male) |
| 13:19 | Create | Villager (Male) |
| 13:31 | Build | House |
| 13:55 | Build | House |
| 13:59 | Research | Double-Bit Axe |
| 14:01 | Create | Villager (Male) |
| 14:18 | Create | Villager (Male) |
| 14:38 | Research | Stone Mining |
| 15:09 | Create | Unit 2626 |
| 15:09 | Create | Unit 2626 |
| 15:10 | Create | Unit 2626 |
| 15:10 | Create | Unit 2626 |
| 15:11 | Create | Unit 2626 |
| 15:27 | Build | Farm |
| 15:27 | Build | Farm |
| 15:28 | Build | Farm |
| 15:29 | Build | Farm |
| 15:30 | Build | Farm |
| 15:31 | Build | Farm |
| 15:32 | Build | Farm |
| 15:36 | Create | Villager (Male) |
| 15:36 | Create | Villager (Male) |
| 15:36 | Create | Villager (Male) |
| 15:42 | Create | Villager (Male) |
| 15:43 | Create | Villager (Male) |
| 15:43 | Create | Villager (Male) |
| 15:43 | Create | Villager (Male) |
| 15:44 | Create | Villager (Male) |
| 15:44 | Create | Villager (Male) |
| 15:52 | Build | Farm |
| 16:32 | Build | House |
| 17:52 | Build | Mill |
| 18:07 | Build | House |
| 18:11 | Build | House |
| 18:24 | Build | Market |
| 18:40 | Create | Unit 2626 |
| 18:58 | Create | Villager (Male) |
| 18:59 | Create | Villager (Male) |
| 19:11 | Build | Lumber Camp |
| 19:30 | Build | Dock |
| 19:36 | Build | Dock |
| 19:39 | Build | Dock |
| 19:43 | Create | Villager (Male) |
| 19:44 | Create | Villager (Male) |
| 19:44 | Create | Villager (Male) |
| 19:57 | Build | Blacksmith |
| 20:06 | Create | Villager (Male) |
| 20:17 | Research | Wheelbarrow |
| 20:20 | Create | Villager (Male) |
| 20:56 | Create | Villager (Male) |
| 21:02 | Create | Villager (Male) |
| 21:03 | Create | Villager (Male) |
| 21:21 | Build | Farm |
| 21:22 | Build | Farm |
| 21:22 | Build | Farm |
| 21:23 | Build | Farm |
| 21:24 | Build | Farm |
| 21:33 | Research | Castle Age |
| 21:47 | Create | Fishing Ship |
| 21:48 | Research | Tech 906 |
| 21:49 | Create | Fishing Ship |
| 22:04 | Create | Unit 2626 |
| 22:05 | Create | Unit 2626 |
| 22:42 | Research | Gold Mining |
| 22:48 | Research | Scale Barding Armor |
| 22:58 | Build | House |
| 23:03 | Build | House |
| 23:05 | Build | House |
| 23:09 | Build | House |
| 23:20 | Create | Fishing Ship |
| 23:21 | Create | Fishing Ship |
| 23:30 | Create | Fishing Ship |
| 23:48 | Create | Fishing Ship |
| 23:48 | Create | Fishing Ship |
| 23:48 | Create | Fishing Ship |
| 24:11 | Create | Fishing Ship |
| 24:14 | Create | Fishing Ship |
| 24:39 | Create | Villager (Male) |
| 24:40 | Create | Villager (Male) |
| 24:40 | Create | Villager (Male) |
| 24:40 | Create | Villager (Male) |
| 24:41 | Create | Villager (Male) |
| 24:41 | Create | Villager (Male) |
| 25:31 | Build | Castle |
| 25:37 | Research | Hand Cart |
| 25:42 | Research | Heavy Plow |
| 25:54 | Build | Dock |
| 25:58 | Create | Fishing Ship |
| 25:59 | Research | Gillnets |
| 25:59 | Create | Fishing Ship |
| 26:00 | Create | Fishing Ship |
| 28:03 | Research | Town Watch |
| 28:13 | Research | Pikeman (upgrade) |
| 28:20 | Build | Farm |
| 28:23 | Build | Farm |
| 28:54 | Research | Town Patrol |
| 29:26 | Research | Arson |
| 29:27 | Research | Squires |
| 29:51 | Build | Lumber Camp |
| 30:05 | Create | Villager (Male) ×15 |
| 31:30 | Build | Lumber Camp |
| 31:33 | Create | Villager (Male) |
| 31:34 | Create | Villager (Male) |
Match timeline
| 4:56 | Darebear266178 · first_building Dock |
| 7:33 | SodiPrime · first_building Barracks |
| 7:39 | Juggsgotcha2711 · first_building Barracks |
| 9:16 | GRECOCHI32 · first_building Dock |
| 10:25 | Maxi Greco32 · first_building Dock |
| 10:38 | Walkdog38 · first_building Barracks |
| 11:38 | Carpeado BR · first_building Barracks |
| 12:09 | Darebear266178 · first_building Barracks |
| 13:07 | SodiPrime · first_building Stable |
| 13:11 | Walkdog38 · first_building Dock |
| 13:14 | ESTIN B 187 · first_building Barracks |
| 13:26 | Juggsgotcha2711 · first_building Archery Range |
| 14:40 | ESTIN B 187 · first_building Stable |
| 15:24 | Darebear266178 · first_building Archery Range |
| 15:59 | Carpeado BR · first_building Stable |
| 16:11 | SodiPrime · first_building Archery Range |
| 16:56 | Maxi Greco32 · first_building Barracks |
| 18:06 | GRECOCHI32 · first_building Barracks |
| 18:26 | ESTIN B 187 · first_market_sell 100 stone |
| 18:30 | ESTIN B 187 · first_market_buy 100 food |
| 18:32 | Maxi Greco32 · wall_segment Stone Wall x19 |
| 18:40 | Juggsgotcha2711 · first_market_buy 100 food |
| 19:13 | GRECOCHI32 · first_market_buy 100 stone |
| 19:17 | Maxi Greco32 · first_building Archery Range |
| 19:31 | GRECOCHI32 · first_building Castle |
| 19:42 | Juggsgotcha2711 · first_building Castle |
| 20:18 | Maxi Greco32 · wall_segment Stone Wall x11 |
| 20:30 | Darebear266178 · first_market_sell 100 wood |
| 20:33 | Darebear266178 · first_market_buy 100 food |
| 20:43 | SodiPrime · first_building Siege Workshop |
| 21:53 | Carpeado BR · first_market_buy 500 food |
| 23:37 | Maxi Greco32 · first_market_buy 100 food |
| 23:49 | GRECOCHI32 · first_building Stable |
| 24:18 | GRECOCHI32 · first_market_sell 100 food |
| 25:31 | Walkdog38 · first_building Castle |
| 26:16 | Carpeado BR · resign |
| 28:15 | Juggsgotcha2711 · first_building Monastery |
| 28:56 | ESTIN B 187 · first_building Castle |
| 29:43 | ESTIN B 187 · first_building Monastery |
| 32:44 | Juggsgotcha2711 · first_building Dock |
| 33:24 | Walkdog38 · first_building Stable |
| 35:45 | Juggsgotcha2711 · first_building Siege Workshop |
| 36:11 | Darebear266178 · first_building Castle |
| 37:05 | Walkdog38 · first_building Siege Workshop |
| 39:03 | Walkdog38 · first_building Archery Range |
| 40:41 | Darebear266178 · wall_segment Stone Wall x13 |
| 40:49 | Darebear266178 · wall_segment Stone Wall x50 |
| 41:05 | Darebear266178 · wall_segment Stone Wall x12 |
| 41:41 | GRECOCHI32 · tribute_sent a jugador 1 |
| 41:41 | GRECOCHI32 · tribute_sent a jugador 2 |
| 41:41 | GRECOCHI32 · tribute_sent a jugador 3 |
| 41:41 | GRECOCHI32 · tribute_sent a jugador 4 |
| 41:41 | GRECOCHI32 · tribute_sent a jugador 5 |
| 41:41 | GRECOCHI32 · tribute_sent a jugador 6 |
| 41:41 | GRECOCHI32 · tribute_sent a jugador 8 |
| 41:45 | SodiPrime · first_building Castle |
| 42:01 | Maxi Greco32 · first_building Monastery |
| 42:18 | SodiPrime · first_building Monastery |
| 42:28 | Darebear266178 · wall_segment Stone Wall x22 |
| 43:51 | Darebear266178 · wall_segment Stone Wall x15 |
| 44:07 | Walkdog38 · first_building Monastery |
| 44:07 | Darebear266178 · wall_segment Stone Wall x30 |
| 46:17 | Darebear266178 · first_building Siege Workshop |
| 49:57 | Darebear266178 · wall_segment Stone Wall x1 |
| 51:11 | Maxi Greco32 · first_market_sell 100 wood |
| 52:13 | Darebear266178 · wall_segment Stone Wall x16 |
| 53:37 | Juggsgotcha2711 · wall_segment Stone Wall x9 |
| 60:08 | Darebear266178 · wall_segment Stone Wall x9 |
| 61:30 | Darebear266178 · wall_segment Stone Wall x1 |
| 61:37 | Darebear266178 · wall_segment Stone Wall x8 |
| 67:45 | Darebear266178 · wall_segment Stone Wall x10 |
| 68:37 | Maxi Greco32 · first_building Castle |
[ AI ANALYSIS · 1 CREDIT ]
What really happened in this match?
Wolo.gg analyzes every decision: build order, eco, micro, common mistakes by bracket. Personalized analysis on WhatsApp or Discord in 30 seconds.
Civ guide
Mongols
Perfil
Jugador #15285521